Map: Year Zero LE

Players

ZaZen

  • Race: Terran Terran
  • League: Silver
  • Spawn Location: 11:00

nujanai - Winner!

  • Race: Protoss Protoss
  • League: Silver
  • Spawn Location: 1:00

VOD

Have the link to the VOD?

Description

Time

  • Played on: May 18, 2019, 10:56 p.m.
  • Length: 9:20
Show
View Real Time Build Order
Export as new Build Order

ZaZen Terran 

Build Orders:  

Get SALT Encoding   

  12  0:01  SCV  
  13  0:13  SCV  
  14  0:18  Supply Depot  
  14  0:27  Refinery  
  14  0:32  SCV  
  15  0:42  Barracks  
  15  0:47  SCV  
  16  0:59  SCV  
  17  1:11  SCV  
  18  1:29  Orbital Command  
  18  1:31  Barracks Reactor  
  18  1:49  Factory  
  18  1:54  SCV  
  19  2:08  Marine x2  
  19  2:14  Command Center  
  21  2:18  Supply Depot  
  21  2:26  SCV  
  22  2:35  Factory Tech Lab, Marine  
  23  2:39  Marine  
  23  2:42  Refinery  
  24  2:57  Bunker  
  24  3:05  Starport  
  24  3:13  Cyclone, Supply Depot  
  27  3:21  Marine  
  27  3:22  Marine  
  29  3:32  Orbital Command  
  29  3:41  Starport Tech Lab  
  29  3:45  Cyclone  
  32  3:54  Marine x2  
  34  4:09  Raven  
  36  4:11  Supply Depot  
  36  4:13  SCV x2, Refinery  
  38  4:29  Refinery  
  38  4:31  SCV x2  
  40  4:42  Siege Tank  
  40  4:43  SCV x2  
  45  5:03  SCV x2  
  45  5:05  Barracks  
  45  5:06  Barracks  
  47  5:15  SCV  
  48  5:28  Command Center  
  48  5:33  SCV x2  
  50  5:38  Engineering Bay  
  50  5:40  Engineering Bay  
  50  5:46  SCV x2  
  52  5:54  Viking  
  54  5:58  Barracks Reactor  
  54  6:04  Stimpack  
  54  6:15  Barracks Reactor  
  54  6:16  Marine  
  54  6:18  Siege Tank  
  58  6:22  Supply Depot  
  58  6:25  Terran Infantry Weapons Level 1  
  58  6:29  SCV  
  58  6:30  SCV  
  60  6:39  Factory  
  60  6:43  Marine x3  
  63  6:53  Supply Depot  
  63  6:54  Orbital Command  
  63  7:01  SCV x2  
  65  7:13  Marine  
  65  7:14  Marine x3  
  69  7:15  Siege Tank  
  69  7:18  Viking  
  73  7:39  Marine x4  
  73  7:40  Marine  
  78  7:53  Orbital Command  
  78  7:57  Marine x2  
  54  8:31  Marine x5  
  54  8:39  Siege Tank  
  53  8:44  Factory Tech Lab  
  55  8:48  Marine  
  55  8:49  Marine x3  
Show
View Real Time Build Order
Export as new Build Order

nujanai Protoss - Winner!

Build Orders:  

Get SALT Encoding   

  12  0:02  Probe  
  13  0:14  Probe  
  13  0:19  Pylon  
  14  0:26  Probe  
  15  0:31  Assimilator  
  15  0:44  Gateway  
  15  0:49  Probe  
  16  1:01  Probe  
  17  1:06  Pylon  
  17  1:13  Probe  
  19  1:25  Probe  
  19  1:31  Cybernetics Core  
  19  1:39  Probe  
  20  1:51  Warp Gate  
  20  1:52  Probe  
  21  1:57  Nexus  
  21  2:07  Probe  
  22  2:19  Probe  
  22  2:21  Pylon  
  23  2:31  Probe  
  24  2:40  Gateway  
  24  2:41  Gateway  
  24  2:45  Gateway  
  24  2:51  Assimilator  
  24  2:56  Probe  
  25  3:10  Probe  
  26  3:19  Probe  
  27  3:20  Pylon  
  27  3:27  Probe  
  28  3:32  Probe  
  29  3:34  Pylon  
  29  3:40  Sentry x2  
  33  3:41  Zealot  
  33  3:42  Zealot  
  33  3:43  Probe  
  38  4:00  Probe x2  
  38  4:02  Robotics Facility  
  40  4:07  Pylon  
  40  4:08  Stalker, Assimilator  
  42  4:11  Stalker  
  42  4:12  Probe  
  42  4:14  Probe  
  46  4:26  Probe  
  46  4:27  Probe  
  46  4:30  Pylon  
  48  4:32  Stalker  
  48  4:38  Probe, Pylon  
  51  4:39  Probe  
  51  4:45  Observer  
  52  4:50  Probe  
  54  5:03  Observer  
  54  5:05  Pylon  
  55  5:08  Probe  
  55  5:09  Probe  
  57  5:16  Twilight Council  
  57  5:21  Probe x2  
  59  5:25  Charge  
  59  5:27  Nexus  
  59  5:31  Pylon  
  59  5:32  Assimilator  
  59  5:33  Probe  
  60  5:48  Stalker x4  
  68  5:53  Immortal  
  72  5:59  Forge  
  72  6:03  Pylon  
  72  6:08  Assimilator, Probe  
  72  6:09  Probe  
  74  6:21  Probe x2  
  76  6:33  Warp Prism  
  76  6:39  Zealot x2  
  82  6:40  Zealot  
  85  6:54  Probe x2  
  85  6:55  Probe  
  87  7:01  Gateway  
  87  7:05  Blink  
  87  7:06  Gateway  
  87  7:09  Immortal  
  87  7:10  Stalker x3  
  87  7:11  Stalker  
  99  7:35  Probe x3  
  102  7:42  Pylon  
  102  7:44  Pylon  
  102  7:45  Pylon  
  102  7:47  Pylon  
  102  7:48  Pylon  
  102  7:53  Warp Prism  
  88  8:33  Zealot x4  
  88  8:34  Zealot x2  
  96  8:54  Zealot x2  
  96  8:55  Zealot x4  
  106  9:15  Zealot x2  
  106  9:16  Zealot x4  
Tags
 
Add a new tag
Caveats
  • Supply blocks, unpowered buildings, or Contaminate may cause inaccurate times.
  • Supply counts are checked every 10 seconds.